 Dungeon Crawl Stone Soup version 0.31.0-12-g77e489cdc1 (webtiles) character file.

Game seed: 12329105349741030503

11993 Renzlar the Blocker (level 11, -13/89 HPs)
             Began as a Gnoll Fighter on Feb 23, 2024.
             Was a High Priest of Okawaru.
             Mangled by Snorg (22 damage)
             ... on level 11 of the Dungeon.
             The game lasted 00:47:30 (11523 turns).

Renzlar the Blocker (Gnoll Fighter)                Turns: 11523, Time: 00:47:31

Health: -13/89     AC: 17    Str: 20    XL:     11   Next: 86%
Magic:  0/21       EV: 13    Int:  8    God:    Okawaru [*****.]
Gold:   551        SH: 12    Dex: 11    Spells: 23/23 levels left

rFire   . . .        a - +1 war axe (freeze)
rCold   . . .        m - +0 kite shield
rNeg    . . .        b - +1 scale mail
rPois   +            e - +0 helmet
rElec   .            d - +0 cloak
rCorr   .            g - +0 pair of gloves
SInv    .            o - +0 pair of boots
Will    .....        t - amulet of guardian spirit
Stlth   +++          v - ring of poison resistance
HPRegen 0.34/turn    (no ring)
MPRegen 0.17/turn

%: guardian spirit
@: heroic
A: fangs 1, strong nose, distributed training
a: Renounce Religion, Heroism, Finesse, Duel


You were on level 11 of the Dungeon.
You worshipped Okawaru.
Okawaru was extremely pleased with you.
You visited 2 branches of the dungeon, and saw 12 of its levels.

You collected 587 gold pieces.
You spent 36 gold pieces at shops.

Inventory:

Hand Weapons
 a - a +1 war axe of freezing (weapon)
 c - a +0 sling
 j - a +4 dagger
 u - a +0 morningstar
 J - a +4 trident of draining
Missiles
 y - 31 poisoned darts (quivered)
Armour
 b - a +1 scale mail (worn)
 d - a +0 cloak (worn)
 e - a +0 helmet (worn)
 g - a +0 pair of gloves (worn)
 m - a +0 kite shield (worn)
 o - a +0 pair of boots (worn)
Jewellery
 l - a ring of fire
 q - an amulet of magic regeneration
 t - an amulet of guardian spirit (around neck)
 v - a ring of poison resistance (left hand)
 C - a ring of positive energy
 G - a ring of protection from cold
Talismans
 I - a blade talisman
Wands
 r - a wand of mindburst (3)
 B - a wand of flame (17)
 D - a wand of paralysis (9)
 H - a wand of iceblast (4)
 M - a wand of acid (3)
Scrolls
 h - 4 scrolls of identify
 k - a scroll of fear
 p - 2 scrolls of teleportation
 s - a scroll of enchant armour
 w - 2 scrolls of enchant weapon
 x - 2 scrolls of fog
 A - 2 scrolls of silence
 E - 2 scrolls of amnesia
Potions
 f - 4 potions of heal wounds
 i - 7 potions of curing
 n - 2 potions of might
 z - a potion of berserk rage
 F - a potion of haste
 K - 2 potions of enlightenment
 L - a potion of mutation


   Skills:
 + Level 9.6(14.6) Fighting
 + Level 6.9(11.9) Short Blades
 + Level 6.9(11.9) Long Blades
 + Level 8.4(13.4) Axes
 + Level 6.9(11.9) Maces & Flails
 + Level 6.9(11.9) Polearms
 + Level 6.9(11.9) Staves
 + Level 6.9(11.9) Ranged Weapons
 + Level 6.9(11.9) Throwing
 + Level 9.6(14.6) Armour
 + Level 6.9(11.9) Dodging
 + Level 6.9(11.9) Stealth
 + Level 9.6(14.6) Shields
 + Level 6.9(11.9) Unarmed Combat
 + Level 6.9 Spellcasting
 + Level 5.7 Conjurations
 + Level 5.7 Hexes
 + Level 5.7 Summonings
 + Level 5.7 Necromancy
 + Level 5.7 Translocations
 + Level 5.7 Fire Magic
 + Level 5.7 Ice Magic
 + Level 5.7 Air Magic
 + Level 5.7 Earth Magic
 + Level 5.7 Alchemy
 + Level 7.6 Invocations
 + Level 6.9 Evocations
 + Level 6.3 Shapeshifting


You had 23 spell levels left.
You didn't know any spells.
Your spell library contained the following spells:

 Spells                   Type           Power      Damage    Failure   Level
 Gell's Gravitas          Tloc           12%        N/A       21%         3
 Inner Flame              Hex/Fire       12%        N/A       21%         3
 Teleport Other           Tloc           12%        N/A       21%         3
 Volatile Blastmotes      Fire/Tloc      24%        2d12      21%         3
 Fulminant Prism          Conj/Alch      6%         3d7       56%         4
 Iskenderun's Mystic Bla  Conj/Tloc      12%        2d5       56%         4
 Irradiate                Conj/Alch      6%         3d13      88%         5
 Dispersal                Tloc           6%         N/A       100%        6
 Ignition                 Fire           6%         3d4       100%        8
 Summon Small Mammal      Summ           Unusable   N/A       N/A         1
 Call Canine Familiar     Summ           Unusable   N/A       N/A         3
 Summon Blazeheart Golem  Fire/Summ      Unusable   N/A       N/A         4

Dungeon Overview and Level Annotations

Branches:
Dungeon (11/15)            Temple (1/1) D:7            Lair (0/5) D:9
    Orc (0/2) D:9

Altars:
Ashenzari
Cheibriados
Dithmenos
Elyvilon
Fedhas
Gozag
Hepliaklqana
Kikubaaqudgha
Makhleb
Nemelex Xobeh
Okawaru
Qazlal
Ru
Sif Muna
Trog
Uskayaw
Vehumet
Wu Jian
Xom
Yredelemnul
Zin
The Shining One

Shops:
D:5 ?   D:6 !   D:7 *   D:11 *

Annotations:
D:11 Snorg


Innate Abilities, Weirdness & Mutations

You have very sharp teeth.
Your uncanny sense of smell can sniff out nearby items.
Your experience applies equally to all skills.


Message History

Snorg claws you!
You hit Snorg. You freeze Snorg.
Snorg is moderately wounded.
Snorg bites you. Snorg claws you!! You block Snorg's attack.
Snorg closely misses you. You block Snorg's attack. Snorg claws you.
You barely miss Snorg.
Snorg is moderately wounded.
Snorg closely misses you. You block Snorg's attack. Snorg barely misses you.
You hit Snorg but do no damage.
Snorg is moderately wounded.
Snorg bites you! Snorg claws you but does no damage. Snorg barely misses you.
Snorg bites you! Snorg barely misses you. You block Snorg's attack.
You gain the combat prowess of a mighty hero.
You block Snorg's attack. Snorg claws you but does no damage. Snorg claws you!
* * * LOW HITPOINT WARNING * * *
Unknown command.
You slash Snorg! You freeze Snorg.
Snorg is moderately wounded.
Snorg closely misses you. x2; You block Snorg's attack.
Snorg bites you.
* * * LOW HITPOINT WARNING * * *
Snorg misses you. Snorg claws you.
* * * LOW HITPOINT WARNING * * *
Unknown command.
You slash Snorg! You freeze Snorg. You bite Snorg, but do no damage.
Snorg is heavily wounded.
Snorg misses you. Snorg closely misses you. You block Snorg's attack.
You hit Snorg. You freeze Snorg. You bite Snorg, but do no damage.
Snorg is heavily wounded.
Snorg bites you but does no damage. You block Snorg's attack. x3
Snorg barely misses you. Snorg completely misses you.
You slice Snorg!! You freeze Snorg!
Snorg is severely wounded.
Snorg bites you!
* * * LOW HITPOINT WARNING * * *
You block Snorg's attack. x2
Unknown command.
You slice Snorg!! You freeze Snorg!
Snorg is almost dead.
Snorg bites you!!
You die...

.### #....#..#
...### #....#..#
##...#####....#..#
####...###..>#..##
####......#...#
###....#...#
####.....######
###.........
##@.###### #T##
#(. ..(. .....
...∩... ##.
.......# ...
....((... ...


You could see Snorg (berserk, poisoned).

Vanquished Creatures
  2 two-headed ogres
  An ugly thing (D:11)
  Jeremiah (D:8)
  A kobold demonologist (D:11)
  4 komodo dragons
  Grinder (D:4)
  Sigmund (D:2)
  4 wyverns
  A shadow (D:9)
  25 yaks
  2 steam dragons
  4 vampire mosquitoes (D:11)
  An acid dragon (D:10)
  2 water moccasins (D:9)
  2 black bears
  5 orc warriors
  2 ice beasts
  An ogre (D:5)
  A centaur (D:8)
  5 kobold brigands
  A gnoll sergeant (D:5)
  4 bullfrogs
  2 scorpions
  6 wights
  4 killer bees (D:10)
  3 howler monkeys (D:7)
  4 hounds
  A jelly (D:5)
  A gnoll bouda (D:10)
  An orc priest (D:8)
  5 orc wizards
  Ijyb (D:5)
  3 iguanas
  13 gnolls
  10 adders
  A shadow imp (D:7)
  3 white imps
  2 ufetubi (D:5)
  A ribbon worm (D:3)
  4 dart slugs
  24 orcs
  7 endoplasms
  4 giant cockroaches
  12 goblins
  7 hobgoblins
  4 jackals (D:4)
  13 kobolds
  9 quokkas
  8 ball pythons
  6 bats
  4 frilled lizards
  3 rats
237 creatures vanquished.

Notes
Turn   | Place    | Note
-------+----------+-------------------------------------------
     0 | D:1      | Renzlar the Gnoll Fighter began the quest for the Orb.
     0 | D:1      | Reached XP level 1. HP: 23/23 MP: 1/1
   148 | D:1      | Reached XP level 2. HP: 29/29 MP: 2/2
   528 | D:2      | Reached XP level 3. HP: 28/35 MP: 2/4
   589 | D:2      | Reached skill level 1 in Invocations
   723 | D:2      | Noticed Sigmund
   736 | D:2      | Killed Sigmund
   737 | D:2      | Reached skill level 1 in Short Blades
   737 | D:2      | Reached skill level 1 in Long Blades
   737 | D:2      | Reached skill level 1 in Maces & Flails
   737 | D:2      | Reached skill level 1 in Polearms
   737 | D:2      | Reached skill level 1 in Staves
   737 | D:2      | Reached skill level 1 in Ranged Weapons
   737 | D:2      | Reached skill level 1 in Throwing
   737 | D:2      | Reached skill level 1 in Dodging
   737 | D:2      | Reached skill level 1 in Stealth
   737 | D:2      | Reached skill level 1 in Unarmed Combat
   737 | D:2      | Reached skill level 1 in Spellcasting
   737 | D:2      | Reached skill level 1 in Conjurations
   737 | D:2      | Reached skill level 1 in Hexes
   737 | D:2      | Reached skill level 1 in Summonings
   737 | D:2      | Reached skill level 1 in Necromancy
   737 | D:2      | Reached skill level 1 in Translocations
   737 | D:2      | Reached skill level 1 in Fire Magic
   737 | D:2      | Reached skill level 1 in Ice Magic
   737 | D:2      | Reached skill level 1 in Air Magic
   737 | D:2      | Reached skill level 1 in Earth Magic
   737 | D:2      | Reached skill level 1 in Alchemy
   737 | D:2      | Reached skill level 1 in Evocations
   737 | D:2      | Reached skill level 1 in Shapeshifting
   737 | D:2      | Reached XP level 4. HP: 40/41 MP: 4/6
   737 | D:2      | Reached XP level 5. HP: 46/47 MP: 4/7
  1330 | D:2      | Reached XP level 6. HP: 53/53 MP: 8/8
  1733 | D:3      | Noticed a black bear
  1735 | D:3      | Reached skill level 5 in Axes
  1771 | D:3      | Killed a black bear
  2168 | D:3      | Found a broken altar of Ashenzari.
  2895 | D:4      | Reached XP level 7. HP: 60/60 MP: 10/10
  2926 | D:4      | You fall into a shaft and drop 1 floor!
  2926 | D:5      | Entered Level 5 of the Dungeon
  3071 | D:5      | Found Osumiunk's Magic Scroll Boutique.
  3208 | D:5      | Noticed Ijyb
  3215 | D:5      | Paralysed by Ijyb for 5 turns
  3225 | D:5      | Killed Ijyb
  3869 | D:4      | Reached XP level 8. HP: 36/67 MP: 12/12
  4130 | D:4      | Noticed Grinder
  4135 | D:4      | Paralysed by Grinder for 2 turns
  4146 | D:4      | Paralysed by Grinder for 2 turns
  4152 | D:4      | Killed Grinder
  4605 | D:6      | Found Aheargh's Distillery.
  5241 | D:7      | Reached XP level 9. HP: 65/73 MP: 12/14
  5385 | D:7      | Found Ygri's CLEARANCE SALE!.
  5436 | D:7      | Bought 3 scrolls of identify for 36 gold pieces
  5457 | D:7      | Found a staircase to the Ecumenical Temple.
  5463 | Temple   | Entered the Ecumenical Temple
  5539 | Temple   | Became a worshipper of Warmaster Okawaru
  6635 | D:8      | Reached skill level 5 in Invocations
  6635 | D:8      | Reached * piety under Okawaru
  6832 | D:8      | Noticed Jeremiah
  6867 | D:8      | Killed Jeremiah
  6868 | D:8      | Reached skill level 5 in Short Blades
  6868 | D:8      | Reached skill level 5 in Long Blades
  6868 | D:8      | Reached skill level 5 in Maces & Flails
  6868 | D:8      | Reached skill level 5 in Polearms
  6868 | D:8      | Reached skill level 5 in Staves
  6868 | D:8      | Reached skill level 5 in Ranged Weapons
  6868 | D:8      | Reached skill level 5 in Throwing
  6868 | D:8      | Reached skill level 5 in Dodging
  6868 | D:8      | Reached skill level 5 in Stealth
  6868 | D:8      | Reached skill level 5 in Unarmed Combat
  6868 | D:8      | Reached skill level 5 in Spellcasting
  6868 | D:8      | Reached skill level 5 in Evocations
  6868 | D:8      | Reached XP level 10. HP: 28/81 MP: 3/17
  6875 | D:8      | Reached ** piety under Okawaru
  7662 | D:9      | Found a staircase to the Orcish Mines.
  7791 | D:9      | Reached skill level 5 in Shapeshifting
  7928 | D:9      | Reached *** piety under Okawaru
  8952 | D:9      | Reached **** piety under Okawaru
  8953 | D:9      | Reached skill level 5 in Conjurations
  8953 | D:9      | Reached skill level 5 in Hexes
  8953 | D:9      | Reached skill level 5 in Summonings
  8953 | D:9      | Reached skill level 5 in Necromancy
  8953 | D:9      | Reached skill level 5 in Translocations
  8953 | D:9      | Reached skill level 5 in Fire Magic
  8953 | D:9      | Reached skill level 5 in Ice Magic
  8953 | D:9      | Reached skill level 5 in Air Magic
  8953 | D:9      | Reached skill level 5 in Earth Magic
  8953 | D:9      | Reached skill level 5 in Alchemy
  8970 | D:9      | Found a staircase to the Lair.
  8987 | D:9      | Reached XP level 11. HP: 71/89 MP: 15/20
  9195 | D:10     | Entered Level 10 of the Dungeon
  9929 | D:10     | Noticed a two-headed ogre
  9950 | D:10     | Killed a two-headed ogre
  9950 | D:10     | Reached ***** piety under Okawaru
 10520 | D:11     | Noticed a two-headed ogre
 10562 | D:11     | Killed a two-headed ogre
 10903 | D:11     | Received a gift from Okawaru
 11311 | D:11     | Noticed a green ugly thing
 11327 | D:11     | Killed a green ugly thing
 11501 | D:11     | Found Zin's Purification Station.
 11503 | D:11     | Noticed Snorg
 11523 | D:11     | Mangled by Snorg

Illustrated notes

Levels and vault maps discovered:
D:1:      nicolae_arrival_washed_ashore, layout_rooms, minmay_3d_cube
D:2:      wad_river_or_something, layout_basic, uniq_sigmund
D:3:      layout_basic, old_standard_altar, minivault_5
D:4:      layout_basic, serial_curves, eino_curves_01, eino_curves_02,
          uniq_grinder
D:5:      layout_loops_ring, serial_shops, nicolae_shop_tiny_glass, uniq_ijyb
D:6:      layout_basic, serial_shops, shop
D:7:      layout_basic, minmay_temple_entry_fiery, nicolae_shop_clearance
D:8:      layout_basic, chequers_serial_rivers_marsh, kennysheep_generic_room_2,
          uniq_jeremiah
D:9:      layout_rooms, erik_lair_dragon, orc_0_dummy
D:10:     layout_basic, minivault_26
D:11:     layout_cave_pods, zin_purify, uniq_snorg
Temple:   minmay_crystal_snake_temple

Skill      XL: |  1  2  3  4  5  6  7  8  9 10 11 |
---------------+----------------------------------+-----
Invocations    | 1 2 3 4 5 6 7 |  7.6
Short Blades   | 1 2 3 5 6 |  6.9
Long Blades    | 1 2 3 5 6 |  6.9
Maces & Flails | 1 2 3 5 6 |  6.9
Polearms       | 1 2 3 5 6 |  6.9
Staves         | 1 2 3 5 6 |  6.9
Ranged Weapons | 1 2 3 5 6 |  6.9
Throwing       | 1 2 3 5 6 |  6.9
Dodging        | 1 2 3 5 6 |  6.9
Stealth        | 1 2 3 5 6 |  6.9
Unarmed Combat | 1 2 3 5 6 |  6.9
Spellcasting   | 1 2 3 5 6 |  6.9
Conjurations   | 1 2 3 4 5 |  5.7
Hexes          | 1 2 3 4 5 |  5.7
Summonings     | 1 2 3 4 5 |  5.7
Necromancy     | 1 2 3 4 5 |  5.7
Translocations | 1 2 3 4 5 |  5.7
Fire Magic     | 1 2 3 4 5 |  5.7
Ice Magic      | 1 2 3 4 5 |  5.7
Air Magic      | 1 2 3 4 5 |  5.7
Earth Magic    | 1 2 3 4 5 |  5.7
Alchemy        | 1 2 3 4 5 |  5.7
Evocations     | 1 2 3 5 6 |  6.9
Shapeshifting  | 1 2 3 4 5 6 |  6.3
Axes           | 5 6 7 8 |  8.4
Fighting       | 7 8 9 |  9.6
Armour         | 7 8 9 |  9.6
Shields        | 7 8 9 |  9.6

Action                     |  1- 3 |  4- 6 |  7- 9 | 10-12 || total
---------------------------+-------+-------+-------+-------++-------
  Melee: War axe           |    54 |   148 |   354 |   374 ||   930
         Bite              |       |    14 |    40 |    66 ||   120
         Maw               |       |       |     3 |       ||     3
         Dagger            |       |       |     2 |       ||     2
         Trident           |       |       |       |    26 ||    26
   Fire: Sling             |       |       |    32 |    47 ||    79
  Throw: Dart              |       |       |       |    28 ||    28
 Invoke: Heroism           |       |       |       |     4 ||     4
  Evoke: Wand              |       |     1 |     8 |     9 ||    18
    Use: Scroll            |     6 |     3 |    10 |     5 ||    24
         Potion            |     2 |       |     1 |     1 ||     4
   Stab: Paralysed         |       |       |     3 |       ||     3
 Armour: Scale mail        |    29 |   109 |   250 |   256 ||   644
         Skin              |       |       |     7 |       ||     7
  Dodge: Dodged            |    10 |    70 |   167 |   140 ||   387
  Block: Buckler           |    17 |    47 |    11 |       ||    75
         Kite shield       |       |       |   205 |   214 ||   419
         Form:             |       |       |     1 |       ||     1
         Maw               |       |       |     1 |       ||     1
